 Dungeon Crawl Stone Soup version 0.30.0-19-g36f170ea60 (webtiles) character file.

Game seed: 11489619264816499252

520 EarthwalkerPL the Covered (level 7, -23/62 HPs)
             Began as a Minotaur Fighter on May 29, 2023.
             Was an Initiate of Okawaru.
             Annihilated by an ogre
             ... wielding a +0 giant club
              (25 damage)
             ... on level 4 of the Dungeon.
             The game lasted 00:03:59 (2808 turns).

EarthwalkerPL the Covered (Minotaur Fighter)        Turns: 2808, Time: 00:03:59

Health: -23/62     AC: 10    Str: 22    XL:     7   Next: 1%
Magic:  6/6        EV:  9    Int:  5    God:    Okawaru [......]
Gold:   97         SH:  5    Dex: 16    Spells: 6/6 levels left

rFire   . . .        a - +0 war axe
rCold   . . .        c - +0 buckler
rNeg    . . .        b - +0 scale mail
rPois   .            (helmet restricted)
rElec   .            g - +2 cloak
rCorr   .            (no gloves)
SInv    .            (no boots)
Will    .....        (no amulet) Stlth
                     q - ring of flight
HPRegen 0.30/turn    r - +6 ring of dexterity
MPRegen 0.10/turn

%: no passive effects
@: flying
A: horns 2, retaliatory headbutt
a: Renounce Religion


You were on level 4 of the Dungeon.
You worshipped Okawaru.
Okawaru was noncommittal.
You visited 2 branches of the dungeon, and saw 5 of its levels.

You collected 97 gold pieces.

Inventory:

Hand Weapons
 a - a +0 war axe (weapon)
Missiles
 v - 2 poisoned darts (quivered)
Armour
 b - a +0 scale mail (worn)
 c - a +0 buckler (worn)
 g - a +2 cloak (worn)
Jewellery
 q - a ring of flight (left hand)
 r - a +6 ring of dexterity (right hand)
 t - an amulet of magic regeneration
Wands
 s - a wand of roots (4)
Scrolls
 e - a scroll of immolation {unknown}
 f - 5 scrolls of identify {unknown}
 i - a scroll of teleportation {unknown}
 k - 3 scrolls of magic mapping {unknown}
 m - a scroll of vulnerability {unknown}
 u - a scroll of amnesia {unknown}
Potions
 d - a potion of might
 h - 2 potions of curing {unknown}
 j - a potion of berserk rage {unknown}
 l - a potion of invisibility {unknown}
 n - 2 potions of lignification {unknown}
 o - a potion of flight {unknown}
 p - a potion of brilliance {unknown}


   Skills:
 * Level 5.9 Fighting
 * Level 5.4 Axes
 * Level 5.9 Armour
 + Level 4.8 Shields


You had 6 spell levels left.
You didn't know any spells.
Your spell library contained the following spells:

 Spells                   Type           Power      Damage    Failure   Level
 Blink                    Tloc           0%         N/A       94%         2
 Lesser Beckoning         Tloc           0%         N/A       94%         2
 Momentum Strike          Conj/Tloc      0%         3d8       94%         2
 Passage of Golubria      Tloc           0%         N/A       100%        4
 Blade Hands              Tmut           0%         N/A       100%        5
 Irradiate                Conj/Tmut      0%         3d11      100%        5
 Yara's Violent Unravell  Hex/Tmut       0%         3d3       100%        5
 Dragon Form              Tmut           0%         N/A       100%        7
 Tukima's Dance           Hex            Unusable   N/A       N/A         3

Dungeon Overview and Level Annotations

Branches:
Dungeon (4/15)             Temple (1/1) D:4

Altars:
Ashenzari
Cheibriados
Elyvilon
Fedhas
Hepliaklqana
Kikubaaqudgha
Okawaru
Ru
Sif Muna
Trog
Uskayaw
Wu Jian
Xom
Yredelemnul
The Shining One


Innate Abilities, Weirdness & Mutations

You have a pair of horns on your head.
You reflexively headbutt those who attack you in melee.


Message History

As you open the door, it creaks loudly!
Found a scroll labelled ZEKLAT YZONORCH.
There is an open door here.
f - 5 scrolls labelled ZEKLAT YZONORCH (gained 1)
You reach down and open the door.
An adder comes into view.
The adder hisses angrily.
You slash the adder!
You kill the adder!
Okawaru accepts your kill.
You have reached level 7!
A quokka comes into view.
There is an open door here.
You see here an adder corpse.
You hit the quokka.
You kill the quokka!
Okawaru accepts your kill.
No target in view!
You reach down and open the door.
An ogre comes into view. It is wielding a +0 giant club.
The ogre shouts!
Found a scroll labelled QATIVI OSYVIRO.
There is an open door here.
You slash the ogre! You headbutt the ogre.
The ogre is heavily wounded.
The ogre hits you with a +0 giant club!!
Ouch! That really hurt!
You hear a shout!
You are too injured to fight recklessly!
You are too injured to fight recklessly!
You are too injured to fight recklessly!
Unknown command.
You completely miss the ogre. You headbutt the ogre.
The ogre is heavily wounded.
The ogre hits you with a +0 giant club!!
* * * LOW HITPOINT WARNING * * *
You barely miss the ogre.
The ogre is heavily wounded.
The ogre hits you with a +0 giant club!!
You die...

#####........##.##.
#+#...#+#.........#..
###.......#####...###.#
#...........#.#'#.# #†#
##.........##...#####.#
.'.........†......#....
#.......##......##..#
#.......#.......##..#
####@####.......+...#
#...O...#.......##..#
#.......##......##..#
+.........+......#....
#.........##...###.###
#...........#.#+#....##
###.......#####....#...
#+#?..#+# #..#.####.
#.... ##


You could see an ogre.

Vanquished Creatures
  Sigmund (D:3)
  A bullfrog (D:4)
  An orc priest (D:3)
  A jelly (D:4)
  2 iguanas
  2 orc wizards
  4 adders
  2 dart slugs
  13 orcs
  6 ball pythons
  6 endoplasms
  3 giant cockroaches
  3 goblins
  7 hobgoblins
  6 kobolds
  5 quokkas
  5 bats
  6 frilled lizards
  3 rats
77 creatures vanquished.

Vanquished Creatures (others)
  An orc wizard (D:3)
1 creature vanquished.

Grand Total: 78 creatures vanquished

Notes
Turn   | Place    | Note
-------+----------+-------------------------------------------
     0 | D:1      | EarthwalkerPL the Minotaur Fighter began the quest for the
                  | Orb.
     0 | D:1      | Reached XP level 1. HP: 19/19 MP: 0/0
    52 | D:1      | Reached XP level 2. HP: 27/27 MP: 1/1
   440 | D:1      | Reached XP level 3. HP: 32/33 MP: 2/2
  1594 | D:3      | Found a faded altar of an unknown god.
  1612 | D:3      | Reached XP level 4. HP: 41/41 MP: 3/3
  1820 | D:3      | Reached XP level 5. HP: 33/47 MP: 4/4
  1823 | D:3      | Reached skill level 5 in Armour
  1949 | D:3      | Reached skill level 5 in Fighting
  1961 | D:3      | Noticed Sigmund
  1968 | D:3      | Killed Sigmund
  1969 | D:3      | Reached XP level 6. HP: 55/56 MP: 5/5
  2266 | D:3      | Identified the +1 ring mail of the Blind Marksman {rElec
                  | Str+2 Dex+3}
  2392 | D:4      | Found a staircase to the Ecumenical Temple.
  2396 | D:4      | Reached skill level 5 in Axes
  2398 | Temple   | Entered the Ecumenical Temple
  2563 | Temple   | Became a worshipper of Warmaster Okawaru
  2798 | D:4      | Reached XP level 7. HP: 62/62 MP: 6/6
  2807 | D:4      | HP: 2/62 [ogre/+0 giant club (29)]
  2808 | D:4      | Annihilated by an ogre

Illustrated notes

Levels and vault maps discovered:
D:1:      wander_arrival_desolate, layout_loops_corners
D:2:      layout_basic, wad_orctagon
D:3:      layout_loops_ring, nicolae_ecumenical_oubliette, uniq_sigmund
D:4:      nicolae_cairo_tiling_very_big, layout_rooms, general_overflow_altar,
          lemuel_doored_altar, serial_forest, infiniplex_forest_clump_curved,
          infiniplex_forest_lined_corner, infiniplex_forest_clump_small,
          infiniplex_forest_clump_medium, infiniplex_forest_straight_3,
          infiniplex_forest_lined_3, infiniplex_forest_diagonal,
          infiniplex_forest_clump_curved, infiniplex_forest_end_1,
          minmay_misc_feat_alley, nicolae_shop_vocational, uniq_blork_the_orc,
          uniq_robin
Temple:   bh_familiar_temple

Skill      XL: |  1  2  3  4  5  6 |
---------------+-------------------+-----
Axes           | 3 4 5 |  5.4
Armour         | 4 5 |  5.9
Fighting       | 4 5 |  5.9
Shields        | 4 |  4.8

Action                     |  1- 3 |  4- 6 |  7- 9 || total
---------------------------+-------+-------+-------++-------
  Melee: War axe           |    83 |    92 |     4 ||   179
         Headbutt          |    15 |    15 |     2 ||    32
 Armour: Scale mail        |    49 |    51 |       ||   100
  Dodge: Dodged            |    31 |    23 |       ||    54
  Block: Buckler           |    26 |    16 |       ||    42
